 Dungeon Crawl Stone Soup version 0.25-a0-591-g2ad0d861f1 (webtiles) character file.

Game seed: 850420977906450907, levelgen mode: deterministic

8701 MisterFreud the Blocker (level 11, 0/88 (89) HPs)
             Began as a Gnoll Fighter on Mar 14, 2020.
             Was an Elder of Ashenzari.
             Killed from afar by a rime drake (12 damage)
             ... with a flash freeze
             ... on level 1 of the Lair of Beasts.
             The game lasted 00:24:48 (11529 turns).

MisterFreud the Blocker (Gnoll Fighter)            Turns: 11529, Time: 00:24:48

HP:   0/88 (89)     AC: 15    Str: 18    XL:     11   Next: 35%
MP:   20/20         EV: 11    Int: 14    God:    Ashenzari [****..]
Gold: 581           SH: 12    Dex: 13    Spells: 22/22 levels left

rFire    + . .     SeeInvis +   a - +0 rapier (curse)
rCold    . . .     Gourm    +   c - +0 kite shield (curse)
rNeg     . . .     Faith    .   s - +3 scale mail {rF+}
rPois    .         Spirit   .   z - +2 hat
rElec    .         Reflect  .   (no cloak)
rCorr    .         Harm     .   (no gloves)
MR       .....     Clarity  +   o - +1 pair of boots
Stlth    ..........             R - amulet of the gourmand
HPRegen  0.24/turn              v - ring of attention (curse)
MPRegen  0.17/turn              m - -2 ring of dexterity (curse)

@: drained
A: distributed training, fangs 1, strong nose
a: Curse Item, Scrying, Renounce Religion


You were on level 1 of the Lair of Beasts.
You worshipped Ashenzari.
Ashenzari was greatly pleased with you.
You were very full.

You visited 2 branches of the dungeon, and saw 12 of its levels.

You collected 581 gold pieces.

Inventory:

Hand Weapons
 a - a cursed +0 rapier (weapon)
 b - a +0 hunting sling
Missiles
 k - 238 stones
 n - 192 arrows
 p - 81 bolts
 w - 81 sling bullets
 y - 10 boomerangs
 M - 17 poisoned darts (quivered)
Armour
 c - a cursed +0 kite shield (worn)
 d - a +0 scale mail
 h - a +2 robe of positive energy
 o - a +1 pair of boots (worn)
 s - a +3 scale mail of fire resistance (worn)
 z - a +2 hat (worn)
 C - a +0 cloak
 Q - a scarf of resistance
Jewellery
 m - a cursed -2 ring of dexterity (right hand)
 r - an uncursed ring of wizardry
 v - a cursed ring of attention (left hand)
 H - an uncursed ring of stealth
 P - an uncursed ring of wizardry
 R - an amulet of the gourmand (around neck)
Wands
 g - a wand of flame (39)
 i - a wand of random effects (26)
Scrolls
 e - 4 scrolls of remove curse
 q - 4 scrolls of teleportation
 A - a scroll of brand weapon {unknown}
 B - a scroll of silence {unknown}
 D - a scroll of random uselessness {unknown}
 E - a scroll of immolation {unknown}
 G - 3 scrolls of identify
 I - a scroll of blinking
 J - 2 scrolls of fog
 K - a scroll of enchant weapon {unknown}
 L - 2 scrolls of fear
 N - a scroll of magic mapping {unknown}
Potions
 j - 3 potions of stabbing
 l - 2 potions of degeneration
 t - 5 potions of magic
 u - a potion of cancellation
 x - a potion of berserk rage
 F - a potion of haste
Miscellaneous
 O - a box of beasts
Comestibles
 f - 22 rations


   Skills:
 + Level 9.0(8.0) Fighting
 + Level 7.7(10.1) Short Blades
 + Level 6.1(5.1) Long Blades
 + Level 6.1(5.1) Axes
 + Level 6.1(5.1) Maces & Flails
 + Level 6.1(5.1) Polearms
 + Level 6.1(5.1) Staves
 + Level 6.1(5.1) Slings
 + Level 6.1(5.1) Bows
 + Level 6.1(5.1) Crossbows
 + Level 6.1(5.1) Throwing
 + Level 9.0(8.0) Armour
 + Level 6.1(5.1) Dodging
 + Level 6.1(5.1) Stealth
 + Level 9.0(10.1) Shields
 + Level 6.1(5.1) Unarmed Combat
 + Level 6.1(5.1) Spellcasting
 + Level 5.0(6.3) Conjurations
 + Level 5.0(6.3) Hexes
 + Level 5.0(6.3) Charms
 + Level 5.0(6.3) Summonings
 + Level 5.0(6.3) Necromancy
 + Level 5.0(6.3) Translocations
 + Level 5.0(6.3) Transmutations
 + Level 5.0(6.3) Fire Magic
 + Level 5.0(6.3) Ice Magic
 + Level 5.0(6.3) Air Magic
 + Level 5.0(6.3) Earth Magic
 + Level 5.0(6.3) Poison Magic
 + Level 6.7(5.7) Invocations
 + Level 6.1(7.4) Evocations


You had 22 spell levels left.
You didn't know any spells.
Your spell library contained the following spells:

 Spells                   Type           Power        Failure   Level  Hunger
 Confusing Touch          Hex            ###.....     21%         3    ###....
 Gell's Gravitas          Tloc           ###.......   21%         3    ###....
 Petrify                  Tmut/Erth      ###.....     54%         4    ####...
 Metabolic Englaciation   Hex/Ice        ###.......   88%         5    ######.
 Yara's Violent Unravell  Hex/Tmut       ###.......   88%         5    ######.


Dungeon Overview and Level Annotations

Branches:
Dungeon (11/15)            Temple (0/1) D:5            Lair (1/6) D:11
    Orc: D:9-12

Altars:
Ashenzari
Cheibriados
Elyvilon
Fedhas
Gozag
Hepliaklqana
Kikubaaqudgha
Makhleb
Nemelex Xobeh
Okawaru
Ru
Trog
Uskayaw
Xom

Shops:
D:9 =

Annotations:
D:6 Harold
D:9 1 runed translucent door, emiel's ghost, novice CeHu
D:11 Nergalle
Lair:1 Gastronok


Innate Abilities, Weirdness & Mutations

Your experience applies equally to all skills.
You have very sharp teeth.
Your uncanny sense of smell can sniff out nearby items.


Message History

You climb downwards.
Welcome back to the Lair of Beasts!
Level annotation: Gastronok
There is a staircase back to the Dungeon here.
Gastronok waves his eye-stalks in wide circles.
The air twists around and strikes you!!
* * * LOW HITPOINT WARNING * * *
Found 19 gold pieces. 2 yaks come into view.
The yak bellows!
A rime drake comes into view.
The rime drake hisses angrily.
A yak comes into view.
The rime drake breathes ice at you. The flash freeze hits you!
* * * LOW HITPOINT WARNING * * *
You are encased in ice.
The ice encasing you melts away. The rime drake breathes ice at you.
The flash freeze hits you!
You die...

,, . ##...#
*P.#......,, * *..
#....## #{###.### ,
,, **
...##...P####{# ## *
* , ,
..$.......Y.YY{, ,
*, , ....#..Y#####.#
** ** * ,, *
*...#....### * *
,,*** * *
*,...#...kY.# ,## *
* , ,,..
###....###..#### * ,
* #......@....... ,
,,,
................. ,
,..................,
* ,*
##.####..#######..,,
, , * ** ##* #...# *
. ##..# * ,, #...* *
,** * #..* * ,,* *,
, * , * * ,* * , *


You could see a yak and a rime drake.

Vanquished Creatures
  Pikel (D:6)
  A cyclops (D:11)
  Joseph (D:6)
  Maggie (D:7)
  3 trolls (D:10)
  Prince Ribbit (D:9)
  A hippogriff (D:8)
  3 yaks (D:11)
  A basilisk (D:11)
  4 hogs
  A human (D:7)
  Grum (D:8)
  Duvessa (D:5)
  A porcupine (D:11)
  A water moccasin (D:11)
  A sky beast (D:6)
  An orc warrior (D:10)
  A black bear (D:7)
  An ice beast (D:9)
  4 ogres
  2 phantoms
  2 wolves (D:8)
  5 centaurs
  2 necrophages
  4 crocodiles (D:11)
  2 big kobolds
  4 bullfrogs
  Dowan (D:5)
  2 scorpions
  A wyvern skeleton (D:11)
  13 killer bees
  4 wights
  3 howler monkeys
  2 crimson imps
  A hound (D:5)
  A jelly (D:5)
  A bullfrog zombie (D:11)
  A centaur skeleton (D:7)
  2 orc priests
  4 orc wizards
  6 iguanas
  A bullfrog skeleton (D:6)
  5 worker ants
  2 killer bee zombies
  A hound zombie (D:11)
  2 hound skeletons
  3 worker ant zombies
  9 gnolls
  10 adders
  4 shadow imps
  An ooze (D:4)
  An adder skeleton (D:4)
  A worm (D:4)
  2 dart slugs
  5 leopard geckos
  11 orcs
  A ball python (D:3)
  3 giant cockroaches
  6 hobgoblins
  10 jackals
  14 kobolds
  3 quokkas
  6 bats
  4 frilled lizards
  A giant cockroach zombie (D:6)
  7 goblins
  A leopard gecko zombie (D:8)
  4 rats
211 creatures vanquished.

Vanquished Creatures (others)
  Maurice (D:8)
  2 slaves (D:7)
  An orc wizard (D:7)
  A worker ant (D:7)
  A gnoll (D:7)
  A leopard gecko (D:7)
  An orc (D:7)
  A fungus (D:11)
  A plant (D:11)
10 creatures vanquished.

Grand Total: 221 creatures vanquished

Notes
Turn   | Place    | Note
-------+----------+-------------------------------------------
     0 | D:1      | MisterFreud the Gnoll Fighter began the quest for the Orb.
     0 | D:1      | Reached XP level 1. HP: 23/23 MP: 1/1
    98 | D:1      | Reached XP level 2. HP: 28/29 MP: 2/2
   364 | D:1      | Reached XP level 3. HP: 34/35 MP: 3/3
   668 | D:2      | Found a shimmering altar of Xom.
   991 | D:2      | Found a sparkling altar of Nemelex Xobeh.
  1058 | D:2      | Reached skill level 1 in Invocations
  1336 | D:3      | Reached skill level 1 in Long Blades
  1336 | D:3      | Reached skill level 1 in Axes
  1336 | D:3      | Reached skill level 1 in Maces & Flails
  1336 | D:3      | Reached skill level 1 in Polearms
  1336 | D:3      | Reached skill level 1 in Staves
  1336 | D:3      | Reached skill level 1 in Slings
  1336 | D:3      | Reached skill level 1 in Bows
  1336 | D:3      | Reached skill level 1 in Crossbows
  1336 | D:3      | Reached skill level 1 in Throwing
  1336 | D:3      | Reached skill level 1 in Dodging
  1336 | D:3      | Reached skill level 1 in Stealth
  1336 | D:3      | Reached skill level 1 in Unarmed Combat
  1336 | D:3      | Reached skill level 1 in Spellcasting
  1336 | D:3      | Reached skill level 1 in Evocations
  1428 | D:3      | Reached XP level 4. HP: 41/41 MP: 5/5
  1653 | D:3      | Reached skill level 1 in Conjurations
  1653 | D:3      | Reached skill level 1 in Hexes
  1653 | D:3      | Reached skill level 1 in Charms
  1653 | D:3      | Reached skill level 1 in Summonings
  1653 | D:3      | Reached skill level 1 in Necromancy
  1653 | D:3      | Reached skill level 1 in Translocations
  1653 | D:3      | Reached skill level 1 in Transmutations
  1653 | D:3      | Reached skill level 1 in Fire Magic
  1653 | D:3      | Reached skill level 1 in Ice Magic
  1653 | D:3      | Reached skill level 1 in Air Magic
  1653 | D:3      | Reached skill level 1 in Earth Magic
  1653 | D:3      | Reached skill level 1 in Poison Magic
  1828 | D:3      | Reached XP level 5. HP: 47/47 MP: 6/6
  1907 | D:4      | You fall into a shaft and drop 1 floor!
  1907 | D:5      | Entered Level 5 of the Dungeon
  2027 | D:4      | Reached XP level 6. HP: 46/53 MP: 8/8
  2063 | D:4      | Noticed a phantom
  2108 | D:4      | Killed a phantom
  2108 | D:4      | Reached skill level 5 in Short Blades
  2178 | D:4      | Found an ancient bone altar of Kikubaaqudgha.
  2287 | D:4      | Reached XP level 7. HP: 16/59 MP: 10/10
  2898 | D:5      | Found a shattered altar of Ashenzari.
  2900 | D:5      | Found a hide-covered altar of Uskayaw.
  2900 | D:5      | Found a sacrificial altar of Ru.
  2900 | D:5      | Found a snail-covered altar of Cheibriados.
  2914 | D:5      | Became a worshipper of Ashenzari the Shackled
  2921 | D:5      | Found a white marble altar of Elyvilon.
  3102 | D:5      | Noticed Duvessa
  3102 | D:5      | Noticed Dowan
  3113 | D:5      | Killed Duvessa
  3127 | D:5      | Killed Dowan
  3173 | D:5      | Found a staircase to the Ecumenical Temple.
  3264 | D:5      | Reached XP level 8. HP: 48/67 MP: 10/12
  4013 | D:5      | Found an iron altar of Okawaru.
  4015 | D:5      | Found an opulent altar of Gozag.
  4116 | D:6      | Reached * piety under Ashenzari
  4260 | D:6      | Found a blossoming altar of Fedhas.
  4610 | D:6      | Found a bloodstained altar of Trog.
  4698 | D:7      | Noticed Maggie
  4707 | D:7      | Noticed Joseph
  4727 | D:7      | Killed Maggie
  4727 | D:7      | Reached XP level 9. HP: 35/72 MP: 14/14
  4747 | D:6      | Killed Joseph
  4957 | D:7      | Noticed Harold
  5126 | D:7      | Noticed Pikel
  5153 | D:6      | Killed Pikel
  5545 | D:7      | Reached skill level 5 in Invocations
  5639 | D:7      | Found a shattered altar of Ashenzari.
  6063 | D:8      | Noticed Grum
  6090 | D:8      | HP: 2/74 [Grum/+0 halberd (5)]
  6104 | D:8      | Killed Grum
  6104 | D:8      | Reached XP level 10. HP: 7/80 MP: 17/17
  6629 | D:7      | Reached ** piety under Ashenzari
  6746 | D:7      | Found a hazy altar of Hepliaklqana.
  6828 | D:7      | Reached skill level 5 in Long Blades
  6828 | D:7      | Reached skill level 5 in Axes
  6828 | D:7      | Reached skill level 5 in Maces & Flails
  6828 | D:7      | Reached skill level 5 in Polearms
  6828 | D:7      | Reached skill level 5 in Staves
  6828 | D:7      | Reached skill level 5 in Slings
  6828 | D:7      | Reached skill level 5 in Bows
  6828 | D:7      | Reached skill level 5 in Crossbows
  6828 | D:7      | Reached skill level 5 in Throwing
  6828 | D:7      | Reached skill level 5 in Dodging
  6828 | D:7      | Reached skill level 5 in Stealth
  6828 | D:7      | Reached skill level 5 in Unarmed Combat
  6828 | D:7      | Reached skill level 5 in Spellcasting
  6828 | D:7      | Reached skill level 5 in Evocations
  7061 | D:7      | Found a burning altar of Makhleb.
  7061 | D:7      | Noticed a blizzard demon
  7241 | D:8      | Noticed Maurice
  7293 | D:8      | Killed Maurice
  7919 | D:9      | Found a runed translucent door.
  7920 | D:9      | Noticed emiel's ghost (novice CeHu)
  7922 | D:9      | Noticed Prince Ribbit
  7935 | D:9      | Killed Prince Ribbit
  8108 | D:9      | Found Wiotuc's Jewellery Shop.
  8461 | D:10     | Entered Level 10 of the Dungeon
  8747 | D:10     | Reached *** piety under Ashenzari
  8989 | D:10     | Reached XP level 11. HP: 85/86 MP: 19/19
  9998 | D:11     | Noticed a cyclops
 10055 | D:11     | Killed a cyclops
 10174 | D:11     | Found a staircase to the Lair.
 10540 | D:11     | Reached skill level 5 in Conjurations
 10540 | D:11     | Reached skill level 5 in Hexes
 10540 | D:11     | Reached skill level 5 in Charms
 10540 | D:11     | Reached skill level 5 in Summonings
 10540 | D:11     | Reached skill level 5 in Necromancy
 10540 | D:11     | Reached skill level 5 in Translocations
 10540 | D:11     | Reached skill level 5 in Transmutations
 10540 | D:11     | Reached skill level 5 in Fire Magic
 10540 | D:11     | Reached skill level 5 in Ice Magic
 10540 | D:11     | Reached skill level 5 in Air Magic
 10540 | D:11     | Reached skill level 5 in Earth Magic
 10540 | D:11     | Reached skill level 5 in Poison Magic
 10977 | D:11     | Reached **** piety under Ashenzari
 11042 | D:11     | Noticed Nergalle
 11067 | D:11     | Noticed a manticore
 11417 | Lair:1   | Entered Level 1 of the Lair of Beasts
 11417 | Lair:1   | Noticed Gastronok
 11529 | Lair:1   | Killed from afar by a rime drake

Levels and vault maps discovered:
D:1:      onia_arrival_pentagram, layout_basic
D:2:      layout_basic, nicolae_overflow_crystal_walls, nemelex_altar_shiori
D:3:      layout_basic, first_ration
D:4:      layout_basic, kennysheep_mini_moat, minmay_misc_feat_enclosed,
          kennysheep_generic_room_14
D:5:      layout_layer_cave, kennysheep_little_box, minmay_overflow_temple_hex,
          minmay_temple_entry_large_hall, st_stairs_8, uniq_duvessa
D:6:      layout_cave_pools, old_standard_altar, trog_book
D:7:      layout_cave_pools, makhleb_altar_promises_db, old_standard_altar,
          grunt_livestock, evilmike_ruin_ashenzari, uniq_joseph, uniq_harold,
          uniq_pikel, uniq_maggie
D:8:      layout_loops_cross, uniq_maurice, uniq_grum
D:9:      layout_irregular_city, serial_shops, shop, gammafunk_ghost_grave,
          uniq_prince_ribbit1
D:10:     layout_basic
D:11:     layout_irregular_city, minmay_lair_entry_grove, minivault_13,
          uniq_nergalle
Lair:1:   layout_gridlike, beast_lair_carwin_3, uniq_gastronok

Skill      XL: |  1  2  3  4  5  6  7  8  9 10 11 |
---------------+----------------------------------+-----
Invocations    | 1 2 3 4 5 6 |  6.7
Long Blades    | 1 2 3 4 5 6 |  6.1
Axes           | 1 2 3 4 5 6 |  6.1
Maces & Flails | 1 2 3 4 5 6 |  6.1
Polearms       | 1 2 3 4 5 6 |  6.1
Staves         | 1 2 3 4 5 6 |  6.1
Slings         | 1 2 3 4 5 6 |  6.1
Bows           | 1 2 3 4 5 6 |  6.1
Crossbows      | 1 2 3 4 5 6 |  6.1
Throwing       | 1 2 3 4 5 6 |  6.1
Dodging        | 1 2 3 4 5 6 |  6.1
Stealth        | 1 2 3 4 5 6 |  6.1
Unarmed Combat | 1 2 3 4 5 6 |  6.1
Spellcasting   | 1 2 3 4 5 6 |  6.1
Evocations     | 1 2 3 4 5 6 |  6.1
Conjurations   | 1 2 3 4 5 |  5.0
Hexes          | 1 2 3 4 5 |  5.0
Charms         | 1 2 3 4 5 |  5.0
Summonings     | 1 2 3 4 5 |  5.0
Necromancy     | 1 2 3 4 5 |  5.0
Translocations | 1 2 3 4 5 |  5.0
Transmutations | 1 2 3 4 5 |  5.0
Fire Magic     | 1 2 3 4 5 |  5.0
Ice Magic      | 1 2 3 4 5 |  5.0
Air Magic      | 1 2 3 4 5 |  5.0
Earth Magic    | 1 2 3 4 5 |  5.0
Poison Magic   | 1 2 3 4 5 |  5.0
Short Blades   | 5 6 7 |  7.7
Fighting       | 7 8 9 |  9.0
Armour         | 7 8 9 |  9.0
Shields        | 7 8 9 |  9.0

Action                   |  1- 3 |  4- 6 |  7- 9 | 10-12 || total
-------------------------+-------+-------+-------+-------++-------
Melee: Rapier            |   118 |   170 |   417 |   785 ||  1490
       Bite              |    17 |    29 |    57 |    90 ||   193
 Fire: Hunting sling     |       |       |     1 |     6 ||     7
Throw: Dart              |       |       |       |    26 ||    26
Invok: Curse Item        |       |       |     1 |     1 ||     2
Evoke: Wand              |       |       |       |     5 ||     5
  Use: Scroll            |       |       |    10 |     3 ||    13
       Potion            |       |       |     5 |     1 ||     6
  Eat: Chunk             |     2 |     3 |    12 |    20 ||    37
       Ration            |       |       |       |     2 ||     2
Armor: Scale mail        |    41 |    52 |   198 |   185 ||   476
       Skin              |       |       |     5 |    32 ||    37
Dodge: Dodged            |    29 |    42 |   130 |   189 ||   390
Block: Kite shield       |    56 |    74 |   201 |   384 ||   715

Table legend:
 A = Non-vault XP
 B = Vault XP
 C = Vault XP percentage of total XP
 D = Non-vault monster count
 E = Vault monster count
 F = Vault count percentage of total count
                 A         B        C        D         E       F
            +---------+---------+-------+---------+---------+-------
      Total |    7115 |    5315 |  42.8 |     183 |      29 |  13.7
            +---------+---------+-------+---------+---------+-------
        D:1 |      42 |       0 |   0.0 |      23 |       0 |   0.0
        D:2 |      17 |       0 |   0.0 |       8 |       0 |   0.0
        D:3 |     109 |       0 |   0.0 |      21 |       0 |   0.0
        D:4 |     515 |       5 |   1.0 |      17 |       1 |   5.6
        D:5 |     353 |     266 |  43.0 |      11 |       3 |  21.4
        D:6 |    1151 |    1294 |  52.9 |      21 |       3 |  12.5
        D:7 |     483 |    1103 |  69.5 |      12 |       5 |  29.4
        D:8 |    1226 |     856 |  41.1 |      31 |       4 |  11.4
        D:9 |     354 |     259 |  42.3 |       3 |       1 |  25.0
       D:10 |    1543 |       0 |   0.0 |      19 |       0 |   0.0
       D:11 |    1322 |    1532 |  53.7 |      17 |      12 |  41.4
            +---------+---------+-------+---------+---------+-------
